Map: Abyssal Reef LE

Players

MooEsqoo - Winner!

  • Race: Zerg Zerg
  • Spawn Location: 5:00

A.I. 1 (Elite)

  • Race: Protoss Protoss
  • Spawn Location: 11:00

VOD

Have the link to the VOD?

Description

Time

  • Played on: Dec. 24, 2019, 3:27 a.m.
  • Length: 12:33
Show
View Real Time Build Order
Export as new Build Order

MooEsqoo Zerg - Winner!

Build Orders: Hatch First 

Get SALT Encoding   

  12  0:02  Drone  
  13  0:13  Overlord  
  13  0:18  Drone  
  14  0:34  Drone x2  
  16  0:37  Drone  
  17  0:48  Drone  
  18  0:59  Hatchery  
  17  1:04  Drone  
  17  1:07  Extractor  
  17  1:13  Drone  
  18  1:21  Spawning Pool  
  18  1:23  Drone  
  18  1:30  Drone  
  19  1:40  Drone  
  20  1:51  Overlord  
  20  2:01  Overlord  
  20  2:10  Queen  
  20  2:11  Queen  
  20  2:12  Zergling x4  
  26  2:18  Metabolic Boost  
  26  2:26  Drone, Zergling x2  
  28  2:34  Drone  
  28  2:35  Drone  
  30  2:48  Drone x2  
  32  3:03  Drone x2  
  32  3:05  Hatchery  
  33  3:14  Drone  
  33  3:15  Drone  
  36  3:34  Drone x4  
  36  3:35  Drone x4  
  43  3:42  Overlord  
  43  3:54  Extractor, Queen  
  44  3:55  Extractor  
  44  4:02  Drone x2  
  45  4:03  Drone, Roach Warren  
  45  4:04  Drone  
  45  4:09  Evolution Chamber, Extractor  
  44  4:11  Evolution Chamber  
  43  4:21  Drone x5  
  43  4:22  Drone  
  43  4:24  Drone  
  50  4:48  Zerg Missile Weapons Level 1  
  50  4:49  Zerg Ground Armor Level 1  
  50  4:51  Lair  
  50  5:03  Drone x2, Roach x2  
  50  5:04  Roach  
  50  5:06  Overlord x2  
  50  5:07  Overlord x4  
  58  5:27  Drone x2, Roach x2  
  58  5:28  Drone x2, Roach x2  
  69  5:29  Roach  
  72  5:45  Spore Crawler  
  72  5:48  Spine Crawler  
  70  5:58  Spore Crawler  
  70  6:01  Drone x2, Roach x2, Spore Crawler  
  70  6:02  Drone x2, Roach x2  
  70  6:03  Roach  
  82  6:07  Glial Reconstitution  
  82  6:21  Spire  
  82  6:23  Infestation Pit  
  80  6:26  Drone x2, Roach  
  80  6:27  Roach  
  80  6:31  Nydus Network  
  85  6:46  Drone x2, Roach x2  
  93  6:47  Drone x2, Roach x2  
  93  6:48  Drone, Roach  
  100  6:55  Zerg Missile Weapons Level 2  
  100  7:10  Drone, Roach  
  100  7:11  Drone, Roach  
  100  7:13  Overlord x2  
  100  7:14  Overlord  
  106  7:17  Extractor  
  106  7:20  Extractor  
  104  7:23  Roach  
  104  7:25  Overlord  
  104  7:26  Overlord x2  
  104  7:28  Overlord  
  106  7:33  Zerg Ground Armor Level 2  
  108  7:44  Drone, Roach  
  108  7:45  Drone, Roach  
  108  7:46  Drone, Roach  
  108  7:47  Drone, Roach  
  108  7:48  Roach  
  108  7:50  Drone  
  120  8:04  Drone, Roach  
  123  8:06  Drone, Zergling x2  
  123  8:07  Drone, Zergling x2, Roach  
  123  8:08  Drone  
  130  8:28  Zergling x2, Roach  
  130  8:29  Zergling x2, Roach  
  130  8:30  Zergling x4, Roach x2  
  130  8:31  Zergling x2, Roach  
  145  8:39  Overlord x5  
  145  8:42  Ravager x5  
  145  8:43  Ravager x3  
  153  8:57  Zergling x2, Roach  
  153  8:58  Zergling x2, Roach  
  153  9:00  Corruptor  
  161  9:02  Corruptor  
  161  9:08  Ravager  
  161  9:09  Ravager x2  
  167  9:10  Ravager  
  167  9:17  Zergling x2, Roach  
  167  9:18  Roach  
  167  9:20  Zergling x2, Roach  
  167  9:21  Zergling x2, Roach  
  167  9:22  Roach  
  180  9:25  Corruptor  
  166  9:54  Corruptor x2  
  166  9:55  Corruptor  
  166  9:56  Zergling x2, Roach  
  166  9:57  Roach  
  170  10:04  Zergling x2, Roach  
  170  10:05  Roach  
  175  10:12  Hive  
  175  10:20  Corruptor  
  175  10:21  Corruptor x3  
  160  11:02  Zergling x2, Corruptor x3, Roach  
  160  11:03  Corruptor x2  
  144  11:15  Roach x3  
  144  11:16  Roach x4  
  144  11:17  Zergling x6, Roach  
  159  11:29  Overseer  
  159  11:32  Queen  
  161  11:39  Zergling x8  
  164  11:40  Zergling x4  
  165  11:59  Zergling x8  
  165  12:00  Zergling x8  
Show
View Real Time Build Order
Export as new Build Order

A.I. 1 (Elite) Protoss 

Build Orders:  

Get SALT Encoding   

  12  0:00  Probe  
  13  0:13  Probe  
  14  0:19  Pylon  
  14  0:25  Probe  
  15  0:33  Probe  
  15  0:39  Gateway  
  15  0:41  Probe  
  16  0:47  Assimilator  
  17  0:51  Probe  
  18  0:59  Probe  
  18  1:00  Pylon  
  19  1:07  Probe  
  19  1:17  Probe  
  21  1:28  Cybernetics Core, Zealot  
  21  1:29  Probe  
  24  1:41  Probe  
  25  1:54  Gateway  
  25  1:55  Zealot  
  25  1:56  Pylon  
  25  1:57  Probe  
  28  2:10  Warp Gate  
  28  2:24  Nexus  
  28  2:30  Probe  
  28  2:36  Assimilator  
  29  2:42  Probe  
  30  2:44  Adept  
  31  2:53  Adept  
  31  2:54  Probe  
  34  3:05  Pylon  
  34  3:06  Probe  
  35  3:14  Adept  
  35  3:18  Probe  
  38  3:23  Stalker  
  40  3:30  Probe  
  41  3:37  Probe  
  41  3:44  Stalker, Gateway  
  41  3:47  Probe  
  44  3:57  Probe  
  44  4:01  Stalker  
  47  4:04  Probe  
  47  4:09  Probe  
  49  4:12  Probe  
  50  4:21  Probe x2  
  50  4:22  Stalker  
  53  4:24  Stalker  
  53  4:30  Probe  
  56  4:33  Probe  
  56  4:37  Stalker  
  60  4:38  Probe  
  60  4:41  Pylon  
  61  4:50  Pylon  
  61  4:59  Probe x2, Stalker x2  
  67  5:06  Stalker  
  69  5:09  Probe  
  69  5:11  Probe  
  71  5:14  Pylon  
  71  5:18  Probe  
  71  5:20  Pylon  
  71  5:22  Stalker  
  71  5:23  Probe, Stalker  
  71  5:26  Probe  
  77  5:32  Stalker  
  80  5:36  Probe  
  80  5:38  Probe, Pylon  
  82  5:44  Stalker  
  82  5:47  Twilight Council, Stalker  
  82  5:48  Probe  
  87  5:50  Probe  
  87  5:55  Sentry  
  90  6:00  Probe  
  90  6:03  Pylon  
  90  6:04  Zealot  
  93  6:12  Assimilator  
  93  6:15  Assimilator  
  93  6:25  Zealot  
  93  6:29  Pylon  
  93  6:31  Templar Archives  
  95  6:34  Forge  
  95  6:38  Forge, Nexus  
  95  6:55  Sentry  
  97  7:07  High Templar x2  
  101  7:09  Pylon  
  101  7:17  Pylon  
  101  7:27  Protoss Ground Armor Level 1  
  101  7:29  Psionic Storm  
  101  7:38  Protoss Ground Weapons Level 1  
  101  7:45  Gateway  
  101  7:46  Probe  
  101  7:50  Probe  
  101  7:51  Probe, Pylon  
  104  7:55  Probe  
  104  8:03  Assimilator, Probe x2  
  104  8:05  Probe, Pylon  
  107  8:07  Sentry, Robotics Facility  
  107  8:10  Assimilator, Photon Cannon  
  110  8:13  Archon  
  110  8:14  Pylon, High Templar  
  110  8:15  Probe  
  110  8:16  Probe, Photon Cannon  
  110  8:17  Probe  
  115  8:21  High Templar  
  115  8:23  Probe  
  117  8:29  Probe  
  117  8:30  Probe  
  117  8:31  Probe  
  120  8:40  Archon, Gateway  
  122  8:41  Probe x2, High Templar  
  122  8:44  Probe, Nexus  
  126  8:48  High Templar  
  126  8:53  Probe  
  126  8:54  Warp Prism, Probe  
  132  9:04  Blink  
  132  9:05  Adept  
  134  9:11  Sentry  
  134  9:14  Zealot  
  138  9:21  Sentry  
  140  9:24  Observer  
  140  9:25  Zealot  
  140  9:27  Robotics Facility  
  141  9:31  Gateway  
  141  9:34  Warp Prism, Zealot x3  
  141  9:36  Pylon  
  125  9:44  Stalker  
  111  9:45  Zealot  
  99  9:54  Stalker, Zealot x2  
  105  10:04  Assimilator  
  105  10:05  Adept  
  105  10:07  Assimilator, Immortal, High Templar  
  113  10:14  Zealot  
  113  10:15  Sentry  
  113  10:17  Zealot  
  119  10:25  High Templar  
  119  10:26  Zealot  
  123  10:35  Pylon, Stalker  
  125  10:37  Zealot  
  125  10:38  Archon, Stalker  
  125  10:39  Pylon, Zealot  
  131  10:46  Probe x2, Zealot  
  127  10:50  Zealot  
  127  10:53  Probe  
  98  10:57  Stalker  
  98  10:58  Probe, High Templar  
  98  10:59  High Templar  
  98  11:01  Probe, Zealot  
  95  11:05  Sentry  
  95  11:06  Probe, Zealot  
  95  11:09  Adept  
  95  11:10  Probe  
  85  11:13  Pylon  
  85  11:16  Nexus  
  73  11:20  Zealot, High Templar  
  73  11:23  Probe, Pylon  
  73  11:24  Adept  
  73  11:26  Zealot  
  73  11:28  Probe x2  
  73  11:31  Adept  
  65  11:40  Probe  
  65  11:41  Sentry, Probe  
  65  11:44  Sentry, High Templar  
  72  11:51  Zealot  
  72  11:52  Probe  
  72  11:53  Probe, Stalker  
  69  11:56  Archon  
  69  12:02  Pylon  
  69  12:05  Probe  
  69  12:07  High Templar  
  64  12:08  Zealot  
  64  12:11  Stalker  
  52  12:16  High Templar  
  52  12:20  Nexus  
  40  12:24  Assimilator  
Tags
 
Add a new tag
Caveats
  • Supply blocks, unpowered buildings, or Contaminate may cause inaccurate times.
  • Supply counts are checked every 10 seconds.